 Dungeon Crawl Stone Soup version 0.31-a0-1620-gcbf77bbcfc (webtiles) character file.

Game seed: 13324941178294244290

2989 zenocrate the Covert (level 9, 0/43 HPs)
             Began as a Vine Stalker Enchanter on Jan 11, 2024.
             Slain by a kobold brigand
             ... wielding a +0 war axe
              (6 damage)
             ... in a bailey.
             The game lasted 00:08:22 (5678 turns).

zenocrate the Covert (Vine Stalker Enchanter)       Turns: 5678, Time: 00:08:22

Health: 0/43       AC:  3    Str: 10    XL:     9   Next: 83%
Magic:  0/13       EV: 15    Int: 15    God:
Gold:   492        SH:  0    Dex: 20    Spells: 1/12 levels left

rFire   + . .        b - +2 dagger (venom)
rCold   + . .        (no shield)
rNeg    . . .        e - +0 robe
rPois   .            h - +1 hat {Will+}
rElec   .            w - scarf {rC+ rF+}
rCorr   .            (no gloves)
SInv    .            (no boots)
Will    ++...        (no amulet)
Stlth   ++           (no ring)
HPRegen 1.07/turn    (no ring)
MPRegen 0.13/turn

%: guardian spirit
@: lethally poisoned (0 -> 0), invisible, very slow
A: fangs 3, regeneration 1, magic shield, antimagic bite, no potion heal 2
a: no special abilities


You were in a bailey.
You visited 2 branches of the dungeon, and saw 8 of its levels.
You also visited: Bailey.

You collected 492 gold pieces.

Inventory:

Hand Weapons
 a - a +0 rapier
 b - a +2 dagger of venom (weapon)
 q - a +1 dagger
 r - a +0 dagger of draining
Missiles
 n - 14 poisoned darts (quivered)
 A - 11 curare-tipped darts
 B - a boomerang
Armour
 e - a +0 robe (worn)
 g - a +0 helmet of intelligence
 h - a +1 hat of willpower (worn)
 s - a +1 cloak
 w - a scarf of resistance (worn)
Jewellery
 C - a ring of fire
 D - a ring of see invisible
Wands
 k - a wand of iceblast (7)
 m - a wand of flame (24)
Scrolls
 i - 3 scrolls of immolation
 j - a scroll of enchant armour {unknown}
 o - a scroll of teleportation
 v - a scroll of fear {unknown}
 x - a scroll of enchant weapon {unknown}
 y - a scroll of amnesia {unknown}
 z - a scroll of revelation
Potions
 c - a potion of invisibility
 d - a potion of attraction
 f - a potion of mutation
 l - a potion of curing
 p - 3 potions of might
 u - 2 potions of haste


   Skills:
 - Level 2.8 Fighting
 + Level 5.5 Short Blades
 - Level 0.6 Armour
 + Level 5.1 Dodging
 + Level 8.4 Stealth
 - Level 2.1 Spellcasting
 + Level 6.8 Hexes
 - Level 3.0 Ice Magic
 + Level 2.5 Evocations


You had one spell level left.
You knew the following spells:

 Your Spells              Type           Power      Damage    Failure   Level
a - Ensorcelled Hibernat  Hex/Ice        32%        N/A       4%          2
b - Confusing Touch       Hex            22%        N/A       4%          3
c - Tukima's Dance        Hex            22%        N/A       4%          3
d - Ozocubu's Armour      Ice            10%        N/A       19%         3

Your spell library contained the following spells:

 Spells                   Type           Power      Damage    Failure   Level
 Dazzling Flash           Conj/Hex       22%        N/A       16%         3
 Cigotuvi's Dreadful Rot  Necr/Alch/Air  2%         N/A       32%         2
 Dimensional Bullseye     Hex/Tloc       5%         N/A       47%         4
 Fugue of the Fallen      Necr           1%         N/A       54%         3
 Yara's Violent Unravell  Hex/Alch       5%         3d4       83%         5
 Ignite Poison            Fire/Alch      1%         N/A       91%         4
 Iskenderun's Mystic Bla  Conj/Tloc      1%         2d3       91%         4
 Manifold Assault         Tloc           1%         N/A       91%         4
 Passage of Golubria      Tloc           1%         N/A       91%         4
 Freezing Cloud           Conj/Ice/Air   2%         6-21      99%         5


Dungeon Overview and Level Annotations

Branches:
Dungeon (7/15)             Temple (1/1) D:6          Bailey (1/1)

Altars:
Ashenzari
Dithmenos
Fedhas
Kikubaaqudgha
Makhleb
Nemelex Xobeh
Okawaru
Qazlal
Trog
Vehumet
Wu Jian
Xom
Yredelemnul
Zin

Shops:
D:3 :


Innate Abilities, Weirdness & Mutations

You have razor-sharp teeth.
Your natural rate of healing is unusually fast.
When hurt, damage is shared between your health and your magic reserves.
Your bite disrupts and absorbs the magic of your enemies.
Potions cannot restore your health.


Message History

The kobold brigand throws a poisoned dart.
The poisoned dart barely misses you.
Unknown command.
Casting: Ensorcelled Hibernation (safe; 4% risk of failure)
Confirm with . or Enter, or press ? or * to list all spells.
You don't have enough magic to cast this spell.
Unknown command.
Unknown command.
The kobold brigand throws a poisoned dart.
The poisoned dart closely misses you.
A kobold brigand is nearby!
Casting: Ensorcelled Hibernation (safe; 4% risk of failure)
Confirm with . or Enter, or press ? or * to list all spells.
Aiming: Ensorcelled Hibernation (safe; 4% risk of failure)
Press: ? - help, Shift-Dir - straight line, f - kobold brigand
Aim: a kobold brigand, wielding a +0 war axe and quivering poisoned darts (chance to affect: 50%)
The kobold brigand looks drowsy...
Unknown command.
An orc warrior comes into view. It is wielding a +0 broad axe.
The kobold brigand throws a poisoned dart.
The poisoned dart hits you!
You are poisoned.
The orc warrior moves out of view.
You feel very sick.
The kobold brigand throws a poisoned dart.
The poisoned dart barely misses you.
You enter the shallow water.
Moving in this stuff is going to be slow.
You feel sick.
Your unstable footing causes you to fumble your attack.
You feel sick.
Your unstable footing causes you to fumble your attack.
You feel sick.
The kobold brigand hits you with a +0 war axe!
* * * LOW HITPOINT WARNING * * *
Unknown command.
You fade into invisibility!
You feel sick.
The kobold brigand hits you with a +0 war axe.
You die...

##'''## #(.(# #)((#
#...# ####(..####
##~.......~##
#####~~.......~~##
#....~~....(..~~...
#.###@K.......~~###
#...)(~.......~~...
#.###~~...)...~~###
#....~~.......~~..
#.###~~.......~~###
#....~~.......~~..
#.###~~.......~~##
#....~~.......~~..
#####~~o......~~##


You could see a kobold brigand.

Vanquished Creatures
  Grinder (D:3)
  Sigmund (D:5)
  A water moccasin (D:5)
  3 orc warriors
  3 ice beasts
  2 ogres
  2 centaurs (D:7)
  5 kobold brigands
  A weeping skull (D:5)
  A bullfrog (D:6)
  5 scorpions
  A wight (D:5)
  A jelly (D:5)
  2 hounds
  5 bombardier beetles
  An orc priest (D:6)
  Crazy Yiuf (D:3)
  5 iguanas
  A sleepcap (D:5)
  6 orc wizards
  6 adders
  A gnoll (D:3)
  2 shadow imps
  2 ribbon worms (D:2)
  5 dart slugs
  18 orcs
  12 endoplasms
  5 giant cockroaches
  8 goblins
  4 hobgoblins
  2 jackals (D:1)
  16 kobolds
  5 quokkas
  8 ball pythons
  7 bats
  4 frilled lizards
  8 rats
  A spectral orc (D:5)
162 creatures vanquished.

Notes
Turn   | Place    | Note
-------+----------+-------------------------------------------
     0 | D:1      | zenocrate the Vine Stalker Enchanter began the quest for
                  | the Orb.
     0 | D:1      | Reached XP level 1. HP: 9/9 MP: 4/4
    65 | D:1      | Reached skill level 1 in Short Blades
    96 | D:1      | Reached XP level 2. HP: 10/13 MP: 1/6
   107 | D:1      | Learned a level 2 spell: Ensorcelled Hibernation
   304 | D:1      | Found a faded altar of an unknown god.
   449 | D:1      | Reached skill level 4 in Stealth
   761 | D:2      | Reached XP level 3. HP: 16/16 MP: 7/7
   787 | D:2      | Learned a level 3 spell: Confusing Touch
  1276 | D:2      | Reached XP level 4. HP: 20/21 MP: 5/8
  1525 | D:2      | Reached skill level 1 in Ice Magic
  1684 | D:3      | Noticed Grinder
  1702 | D:3      | Killed Grinder
  1703 | D:3      | Reached skill level 5 in Stealth
  1703 | D:3      | Reached XP level 5. HP: 25/25 MP: 5/9
  1703 | D:3      | Reached XP level 6. HP: 29/29 MP: 5/10
  2163 | D:3      | Found Hyrghus's Vocational Training.
  2614 | D:3      | Found a runed translucent door.
  2615 | D:3      | Noticed Crazy Yiuf
  2621 | D:3      | Killed Crazy Yiuf
  2622 | D:3      | Reached XP level 7. HP: 28/32 MP: 5/11
  2673 | D:3      | Learned a level 3 spell: Tukima's Dance
  3343 | D:5      | Entered Level 5 of the Dungeon
  3376 | D:5      | Reached skill level 5 in Hexes
  3385 | D:5      | Reached skill level 6 in Stealth
  3385 | D:5      | Gained mutation: You have razor-sharp teeth. [Vine Stalker
                  | growth]
  3385 | D:5      | Reached XP level 8. HP: 28/37 MP: 7/12
  3427 | D:5      | Reached skill level 1 in Fighting
  3601 | D:5      | Found a shimmering altar of Xom.
  4080 | D:5      | Learned a level 3 spell: Ozocubu's Armour
  4083 | D:5      | Found a radiant altar of Vehumet.
  4141 | D:5      | Found a basalt altar of Yredelemnul.
  4236 | D:5      | Noticed Sigmund
  4242 | D:5      | Reached skill level 7 in Stealth
  4244 | D:5      | Killed Sigmund
  4245 | D:5      | Reached XP level 9. HP: 43/43 MP: 13/13
  4653 | D:6      | Reached skill level 5 in Short Blades
  4653 | D:6      | Reached skill level 1 in Evocations
  4989 | D:6      | Found an iron altar of Okawaru.
  5213 | D:6      | Found a staircase to the Ecumenical Temple.
  5231 | Temple   | Entered the Ecumenical Temple
  5439 | D:7      | Reached skill level 8 in Stealth
  5487 | D:7      | Identified the +6 hand axe of Ash {speed, ^Drain Int+4
                  | Dex+2 SInv}
  5519 | D:7      | Found a flagged portal.
  5540 | Bailey   | Entered a bailey
  5576 | Bailey   | Reached skill level 5 in Dodging
  5657 | Bailey   | HP: 2/43 [orc warrior/+0 war axe (12)]
  5678 | Bailey   | Slain by a kobold brigand

Illustrated notes

Levels and vault maps discovered:
D:1:      saegor_arrival_simple_c, layout_basic,
          shapermc_ecumenical_altar_mp_ritualfount, minmay_strange_pillars,
          minmay_close_crescents
D:2:      layout_basic
D:3:      minmay_bubble_buster, layout_loops_corners, nicolae_shop_vocational,
          uniq_crazy_yiuf_cottage, uniq_grinder
D:4:      layout_gridville, kennysheep_generic_room_5
D:5:      kennysheep_six_static_rooms, layout_basic,
          mainiacjoe_overflow_tiny_flanked, yredelemnul_forgotten_temple_becter,
          vehumet_altar_wand_db, uniq_sigmund
D:6:      layout_rooms, nicolae_overflow_crystal_walls,
          minmay_temple_entry_enclosed_plants, st_stairs_11
D:7:      layout_loops_corners, grunt_temple_overflow_open,
          biasface_ghost_orc_armoury, enter_bailey_5
Temple:   hellmonk_temple_rainy
Bailey:   bailey_axe_3, bailey

Skill      XL: |  1  2  3  4  5  6  7  8  9 |
---------------+----------------------------+-----
Short Blades   | 1 3 4 5 |  5.5
Stealth        | 4 5 6 7 8 |  8.4
Dodging        | 2 3 4 5 |  5.1
Ice Magic      | 2 3 |  3.0
Hexes          | 4 5 6 |  6.8
Fighting       | 2 |  2.8
Evocations     | 2 |  2.5
Armour         | |  0.6
Spellcasting   | |  2.1

Action                     |  1- 3 |  4- 6 |  7- 9 || total
---------------------------+-------+-------+-------++-------
  Melee: Dagger            |    81 |    97 |   202 ||   380
         Bite              |    18 |    26 |    60 ||   104
         Punch             |     2 |     1 |       ||     3
         Rapier            |       |     1 |       ||     1
  Throw: Dart              |       |       |     3 ||     3
   Cast: Ensorcelled Hiber |     3 |    17 |    48 ||    68
         Confusing Touch   |       |     1 |     6 ||     7
    Use: Scroll            |       |       |    10 ||    10
         Potion            |       |       |     3 ||     3
   Stab: Sleeping          |    11 |    18 |    40 ||    69
         Distracted        |     1 |       |       ||     1
         Confused          |       |     2 |     2 ||     4
 Armour: Robe              |    40 |    34 |   108 ||   182
  Dodge: Dodged            |    50 |    41 |   113 ||   204

Table legend: (Time is in decaauts)
 A = Elapsed time spent in this place.
 B = Non-inter-level travel time spent in this place.
 C = Inter-level travel time spent in this place.
 D = Time resting spent in this place.
 E = Time spent auto-exploring this place.
 F = Levels seen in this place.
 G = Mean time per level.
                   A        B        C        D        E       F      G
               +--------+--------+--------+--------+--------+-----+--------+
         Total |   5626 |   5471 |    155 |     13 |   4139 |   9 |  625.1 |
       Dungeon |   5492 |   5337 |    155 |     13 |   4082 |   7 |  784.6 |
        Temple |      1 |      1 |      0 |      0 |      0 |   1 |    1.0 |
        Bailey |    132 |    132 |      0 |      0 |     57 |   1 |  132.0 |
               +--------+--------+--------+--------+--------+-----+--------+

Top non-repeatable levels by time:
     D:3: 1173 daAuts
     D:5: 1130 daAuts
     D:2: 802 daAuts
     D:1: 731 daAuts
     D:4: 716 daAuts
     D:6: 653 daAuts
     D:7: 284 daAuts
  Bailey: 132 daAuts
  Temple: 1 daAuts
